Map: [ESL] NeoHumanity

Players

MaNa

  • Race: Protoss Protoss
  • Spawn Location: 11:00

MaxPax - Winner!

  • Race: Protoss Protoss
  • Spawn Location: 5:00

Event: ESL SC2 Masters 2023 Summer (Regionals)

VOD

Have the link to the VOD?

Description

Time

  • Played on: May 14, 2023, 10:09 a.m.
  • Length: 6:28

All games in this series

Show
View Real Time Build Order
Export as new Build Order

MaNa Protoss 

Build Orders: Blink Stalkers 

Get SALT Encoding   

  12  0:00  Probe  
  13  0:12  Probe  
  14  0:18  Pylon  
  14  0:24  Probe  
  15  0:36  Probe (Chrono Boost)  
  15  0:37  Gateway  
  16  0:46  Probe (Chrono Boost)  
  16  0:47  Assimilator  
  17  0:51  Probe (Chrono Boost)  
  18  1:03  Probe (Chrono Boost)  
  19  1:04  Assimilator  
  19  1:08  Gateway  
  19  1:13  Probe (Chrono Boost)  
  19  1:18  Probe (Chrono Boost)  
  21  1:25  Cybernetics Core  
  21  1:29  Probe  
  22  1:35  Pylon  
  22  1:41  Probe  
  23  1:53  Probe  
  24  1:56  Pylon  
  24  2:01  Warp Gate (Chrono Boost)  
  24  2:02  Stalker  
  24  2:07  Probe  
  27  2:12  Stalker  
  29  2:17  Pylon  
  29  2:21  Probe  
  30  2:27  Pylon  
  30  2:39  Probe  
  30  2:42  Twilight Council  
  30  2:51  Probe  
  31  3:03  Probe  
  32  3:13  Nexus  
  32  3:15  Probe  
  33  3:22  Blink  
  33  3:27  Probe  
  35  3:41  Stalker x2  
  35  3:46  Probe (Chrono Boost)  
  38  3:50  Pylon  
  38  3:58  Probe (Chrono Boost)  
  39  4:06  Probe (Chrono Boost)  
  39  4:08  Stalker x2  
  44  4:17  Probe  
  44  4:18  Gateway  
  45  4:28  Gateway  
  45  4:30  Probe (Chrono Boost)  
  46  4:32  Probe (Chrono Boost)  
  46  4:34  Sentry  
  49  4:42  Probe (Chrono Boost)  
  49  4:43  Stalker  
  49  4:44  Probe (Chrono Boost)  
  53  4:47  Phoenix  
  53  4:48  Probe (Chrono Boost)  
  53  4:49  Probe (Chrono Boost)  
  55  4:54  Pylon  
  55  4:58  Stalker  
  57  5:00  Probe  
  57  5:04  Probe  
  59  5:13  Stalker  
  59  5:14  Pylon, Stalker  
  63  5:21  Shield Battery  
  63  5:22  Robotics Facility  
  63  5:26  Stalker  
  65  5:29  Stalker  
  65  5:30  Probe  
  65  5:31  Probe  
  69  5:44  Stalker x2  
  69  5:46  Probe x2  
  75  5:55  Pylon  
  75  6:01  Stalker x2  
  75  6:02  Probe x2  
  75  6:14  Probe x2  
  75  6:17  Stalker x2  
Show
View Real Time Build Order
Export as new Build Order

MaxPax Protoss - Winner!

Build Orders: Oracle Opening 

Get SALT Encoding   

  12  0:00  Probe  
  13  0:12  Probe  
  14  0:19  Pylon  
  14  0:24  Probe  
  15  0:37  Probe (Chrono Boost)  
  15  0:38  Gateway  
  16  0:46  Probe (Chrono Boost)  
  16  0:47  Assimilator  
  17  0:52  Probe  
  18  1:04  Probe  
  19  1:09  Assimilator  
  19  1:12  Pylon  
  19  1:16  Probe (Chrono Boost)  
  21  1:27  Cybernetics Core, Probe (Chrono Boost)  
  21  1:32  Probe (Chrono Boost)  
  21  1:38  Zealot  
  24  1:42  Probe  
  25  1:54  Probe  
  26  2:03  Stargate  
  26  2:09  Stalker  
  28  2:18  Warp Gate  
  28  2:29  Pylon  
  28  2:35  Probe, Pylon  
  29  2:51  Nexus  
  29  2:52  Oracle (Chrono Boost)  
  32  2:59  Probe, Shield Battery  
  33  3:08  Stalker  
  33  3:11  Probe  
  36  3:21  Gateway  
  36  3:24  Probe  
  37  3:40  Stalker  
  39  3:42  Twilight Council  
  39  4:03  Probe x2 (Chrono Boost)  
  41  4:12  Blink (Chrono Boost)  
  41  4:14  Probe x2 (Chrono Boost), Gateway  
  43  4:19  Probe x2 (Chrono Boost)  
  45  4:24  Dark Shrine  
  45  4:29  Probe x2  
  47  4:36  Assimilator  
  47  4:40  Pylon  
  47  4:41  Probe x2  
  49  4:46  Stalker  
  49  4:47  Stalker  
  53  4:53  Probe  
  53  4:58  Probe  
  55  5:00  Pylon  
  55  5:06  Probe  
  56  5:09  Stalker  
  56  5:10  Probe  
  56  5:13  Pylon  
  59  5:15  Stalker  
  59  5:19  Pylon  
  59  5:20  Stalker  
  64  5:21  Probe  
  64  5:26  Probe  
  65  5:32  Shield Battery  
  65  5:36  Probe  
  65  5:41  Dark Templar x2  
  70  5:48  Gateway  
  70  5:53  Stalker  
  72  6:10  Nexus  
  72  6:12  Pylon  
  72  6:19  Stalker x3  
Tags
 
Add a new tag
Caveats
  • Supply blocks, unpowered buildings, or Contaminate may cause inaccurate times.
  • Supply counts are checked every 10 seconds.